 Dungeon Crawl Stone Soup version 0.27.1-4-g1640c2035a (webtiles) character file.

Game seed: 570754330983114680

385 Gabide the Charlatan (level 7, 0/50 HPs)
             Began as a Human Artificer on Nov 1, 2021.
             Slain by a scorpion (6 damage)
             ... on level 4 of the Dungeon.
             The game lasted 00:08:28 (4080 turns).

Gabide the Charlatan (Human Artificer)              Turns: 4080, Time: 00:08:29

Health: 0/50       AC:  3    Str: 13    XL:     7   Next: 6%
Magic:  7/7        EV: 12    Int: 12    God:
Gold:   89         SH:  0    Dex: 14    Spells: 6/6 levels left

rFire    . . .     SeeInvis .   l - +2 whip (freeze)
rCold    . . .     Faith    .   (no shield)
rNeg     . . .     Spirit   .   b - +0 leather armour
rPois    .         Reflect  .   (no helmet)
rElec    .         Harm     .   (no cloak)
rCorr    +         Rampage  .   (no gloves)
Will     .....                  (no boots)
Stlth    +.........             (no amulet)
HPRegen  0.16/turn              m - ring of resist corrosion
MPRegen  0.10/turn              (no ring)

@: no status effects
A: no striking features
a: no special abilities


You were on level 4 of the Dungeon.
You visited 1 branch of the dungeon, and saw 4 of its levels.

You collected 89 gold pieces.

Inventory:

Hand Weapons
 a - a +4 whip
 l - a +2 whip of freezing (weapon)
Armour
 b - a +0 leather armour (worn)
Jewellery
 m - a ring of resist corrosion (left hand)
Wands
 c - a wand of flame (25) (quivered)
 d - a wand of charming (15)
 o - a wand of acid (10)
 r - a wand of mindburst (18)
Scrolls
 j - a scroll of identify
 n - 2 scrolls of vulnerability {unknown}
 p - a scroll of holy word {unknown}
 t - a scroll of amnesia {unknown}
Potions
 f - a potion of haste
 g - a potion of degeneration {unknown}
 h - 3 potions of brilliance {unknown}
 i - a potion of mutation {unknown}
 q - a potion of heal wounds {unknown}
 s - a potion of flight {unknown}
Miscellaneous
 e - a piece from Xom's chessboard (15/15)


   Skills:
 + Level 2.0 Fighting
 + Level 3.4 Maces & Flails
 + Level 3.6 Armour
 * Level 3.3 Dodging
 - Level 1.0 Stealth
 + Level 3.9 Evocations


You had 6 spell levels left.
You didn't know any spells.
Your spell library contained the following spells:

 Spells                   Type           Power      Damage    Failure   Level
 Foxfire                  Conj/Fire      0%         2x1d4     38%         1
 Conjure Flame            Conj/Fire      0%         6-21      77%         3
 Dazzling Flash           Conj/Hex       0%         N/A       77%         3
 Inner Flame              Hex/Fire       0%         N/A       77%         3
 Agony                    Necr           0%         N/A       100%        5
 Silence                  Hex/Air        0%         N/A       100%        5


Dungeon Overview and Level Annotations

Branches:
Dungeon (4/15)
 Temple: D:4-7

Altars:


Message History

The iguana is no longer moving slowly.
You hit the iguana.
The iguana seems to slow down.
You freeze the iguana.
You kill the iguana!
You barely miss the hound. The hound bites you. The hound closely misses you.
You barely miss the hound. The hound bites you but does no damage.
You closely miss the hound. The hound bites you. The hound barely misses you.
You hit the hound but do no damage. The hound barely misses you.
You hit the hound. You freeze the hound.
The hound is moderately wounded.
The hound bites you.
You hit the hound. You freeze the hound.
The hound is severely wounded.
The hound bites you but does no damage. The hound bites you.
You barely miss the hound.
The hound is severely wounded.
The hound bites you but does no damage.
You barely miss the hound.
The hound is severely wounded.
The hound closely misses you.
You barely miss the hound.
The hound is severely wounded.
The hound bites you. The hound completely misses you.
You are too injured to fight recklessly!
You are too injured to fight recklessly!
You are too injured to fight recklessly!
You are too injured to fight recklessly!
You are too injured to fight recklessly!
You hit the hound. You freeze the hound.
You kill the hound!
Your Fighting skill increases to level 2!
You have reached level 7!
You closely miss the scorpion. The scorpion stings you! x2
* * * LOW HITPOINT WARNING * * *
Okay, then.
As you read the scroll labelled IBIAFE KERPHEMP, it crumbles to dust.
Your body is wracked with pain!
* * * LOW HITPOINT WARNING * * *
The scorpion convulses! x2; The quokka convulses!
The orc convulses!
It was a scroll of torment.
The scorpion stings you.
You die...

...........#..##.
..............###
..............# # ##
..............# ...
..#...........# ....
##.............. .....
#..........##..#
.#...s###.......##.# ..#
....oWs@.......##.......
....#####..##..# #..#...
. ######## .##


You could see a phantom, 2 scorpions and an orc.

Vanquished Creatures
  An ogre (D:4)
  A howler monkey (D:4)
  A centaur zombie (D:3)
  2 hounds (D:4)
  2 iguanas (D:4)
  An orc wizard (D:3)
  3 adders
  2 dart slugs (D:2)
  4 orcs (D:3)
  3 bats
  5 endoplasms
  5 giant cockroaches
  6 hobgoblins
  5 quokkas
  8 ball pythons
  4 frilled lizards
  5 goblins
  6 kobolds
  4 rats
68 creatures vanquished.

Notes
Turn   | Place    | Note
-------+----------+-------------------------------------------
     0 | D:1      | Gabide the Human Artificer began the quest for the Orb.
     0 | D:1      | Reached XP level 1. HP: 15/15 MP: 1/1
   463 | D:1      | Reached XP level 2. HP: 18/21 MP: 2/2
   615 | D:1      | Found a faded altar of an unknown god.
  1337 | D:2      | Reached XP level 3. HP: 23/26 MP: 3/3
  2078 | D:2      | Reached XP level 4. HP: 31/32 MP: 4/4
  2102 | D:2      | Reached skill level 1 in Maces & Flails
  2775 | D:3      | Reached XP level 5. HP: 30/37 MP: 5/5
  3560 | D:4      | Reached XP level 6. HP: 24/43 MP: 6/6
  3916 | D:4      | Noticed an ogre
  3926 | D:4      | Killed an ogre
  4079 | D:4      | Reached XP level 7. HP: 23/50 MP: 7/7
  4080 | D:4      | Slain by a scorpion

Illustrated notes

Levels and vault maps discovered:
D:1:      minmay_arrival_doors, layout_basic,
          shapermc_ecumenical_altar_totnotflames, hangedman_decor_push
D:2:      layout_loops_corners
D:3:      layout_loops_ring
D:4:      layout_cave_pools, makhleb_heckhound_becter, portal_sewer_entry_e,
          minmay_manual_moon

Skill      XL: |  1  2  3  4  5  6 |
---------------+-------------------+-----
Maces & Flails | 1 2 3 |  3.4
Dodging        | 2 3 |  3.3
Armour         | 3 |  3.6
Fighting       | 2 |  2.0
Stealth        | |  1.0
Evocations     | |  3.9

Action                   |  1- 3 |  4- 6 |  7- 9 || total
-------------------------+-------+-------+-------++-------
Melee: Unarmed           |    12 |       |       ||    12
       Whip              |    77 |   112 |     1 ||   190
Evoke: Wand              |     3 |     6 |       ||     9
  Use: Scroll            |     1 |     2 |     1 ||     4
 Stab: Sleeping          |     4 |     1 |       ||     5
Armor: Leather armour    |    17 |    20 |       ||    37
Dodge: Dodged            |    44 |    71 |       ||   115
